AoeStats
← For The Horde

Four Lakes

508407616Analyzed
1v1 RM · 8d ago on Sep 22, 2026· 19m 33s· 2 players
Game mode
Random Map
Map size
Tiny (2 player)
Population
200
Speed
Normal
Resources
Standard
Victory
Conquest
Starting age
Dark Age
Ending age
Imperial Age
RankedLock teamsTeams togetherTeam positionsShared explorationLock speedFull tech treeHidden civsTurbo modeCheats
Victory
Defeat
🇬🇷 Malay · Greece
1670
+15
🇳🇴 Lithuanians · Norway
1638
-15
dragon1
7:52 Loom
10:07 Feudal Age
10:31 Man-at-Arms
16:52 Double-Bit Axe
20:30 Castle Age
For The Horde
4:52 Loom
10:35 Feudal Age
10:13 Double-Bit Axe
10:19 Fishing Lines
13:30 Wheelbarrow
16:15 Gold Mining
20:08 Castle Age
18:05 Fletching
19:56 Bodkin Arrow
19:23 Crossbowman
Connection lost

Rejoining the realm…

Still unreachable

The connection could not be restored.

Session expired

The server has moved on; the page needs a fresh start.